 Dungeon Crawl Stone Soup version 0.29.1-15-g9cfb28693d (webtiles) character file.

Game seed: 8443807658165806624

7 Hugehornet the Insei (level 2, 0/18 HPs)
             Began as an Octopode Transmuter on Mar 25, 2023.
             Slain by an endoplasm (2 damage)
             ... on level 1 of the Dungeon.
             The game lasted 00:00:24 (358 turns).

Hugehornet the Insei (Octopode Transmuter)           Turns: 358, Time: 00:00:25

Health: 0/18       AC:  1    Str:  9    XL:     2   Next: 0%
Magic:  4/5        EV: 13    Int: 15    God:
Gold:   17         SH:  0    Dex: 12    Spells: 4/5 levels left

rFire   . . .      SeeInvis .     - Unarmed
rCold   . . .      Faith    .   (no shield)
rNeg    . . .      Spirit   .   (helmet currently unavailable)
rPois   .          Reflect  .   (no amulet)
rElec   .          Harm     .   (no ring)
rCorr   .          Rampage  .   (no ring)
Will    .....                   (no ring)
Stlth   ++........              (no ring)
HPRegen 0.06/turn               (no ring)
MPRegen 0.09/turn               (no ring)
                                (no ring)
                                (no ring)

@: appendages (expiring)
A: tentacle spike 3, almost no armour, amphibious, 8 rings, camouflage 1,
gelatinous body 1, (nimble swimmer 1), tentacles
a: End Transformation


You were on level 1 of the Dungeon.
One of your tentacles had grown a beastly spike.
You visited 1 branch of the dungeon, and saw 1 of its levels.

You collected 17 gold pieces.

Inventory:

Scrolls
 b - 3 scrolls of identify {unknown}
 c - a scroll of teleportation {unknown}
Potions
 a - a potion of lignification


   Skills:
 - Level 1.0 Fighting
 - Level 2.0 Dodging
 - Level 3.0 Unarmed Combat
 - Level 2.0 Spellcasting
 + Level 2.6 Transmutations


You had 4 spell levels left.
You knew the following spells:

 Your Spells              Type           Power      Damage    Failure   Level
a - Beastly Appendage     Tmut           18%        N/A       8%          1

Your spell library contained the following spells:

 Spells                   Type           Power      Damage    Failure   Level
 Wereblood                Tmut           9%         N/A       11%         2
 Spider Form              Tmut/Pois      5%         N/A       36%         3
 Ice Form                 Ice/Tmut       5%         N/A       77%         4


Dungeon Overview and Level Annotations

Branches:
Dungeon (1/15)

Altars:


Innate Abilities, Weirdness & Mutations

One of your tentacles has grown a beastly spike.
You cannot wear most types of armour.
You are amphibious.
You can wear up to eight rings at the same time.
Your skin changes colour to match your surroundings (Stealth+).
Your rubbery body absorbs attacks. (AC +1, EV +1)
((You are camouflaged when in or above water. (Stealth+)))
You have tentacles for arms and can constrict up to eight enemies at once.


Message History

You tentacle-slap the jackal but do no damage.
You pierce the jackal.
You kill the jackal!
You have reached level 2!
Your transformation is almost over.
Your tentacle spike disappears.
You see here a jackal corpse.
Found a stone staircase leading down.
A goblin comes into view. It is wielding a +0 dagger.
The goblin shouts!
An endoplasm comes into view.
The goblin moves out of view.
You see here a scroll labelled ASUONI EZISERPH.
An endoplasm is nearby!
Casting: Beastly Appendage (safe; 8% risk of failure)
Confirm with . or Enter, or press ? or * to list all spells.
One of your tentacles grows a vicious spike.
You tentacle-slap the endoplasm but do no damage.
The goblin closely misses you. The endoplasm freezes you.
You are frozen.
You tentacle-slap the endoplasm but do no damage.
You pierce the endoplasm, but do no damage.
The goblin hits you with a +0 dagger. The endoplasm hits you.
You tentacle-slap the endoplasm.
The endoplasm is moderately wounded.
Your transformation is almost over.
The goblin hits you with a +0 dagger. The endoplasm hits you.
* * * LOW HITPOINT WARNING * * *
You are too injured to fight recklessly!
You are too injured to fight recklessly!
You are too injured to fight recklessly!
You tentacle-slap the endoplasm.
The endoplasm is severely wounded.
The goblin closely misses you. The endoplasm hits you.
* * * LOW HITPOINT WARNING * * *
You tentacle-slap the endoplasm but do no damage.
The endoplasm is severely wounded.
The goblin closely misses you. The endoplasm hits you.
You die...

#.# ..... #.# .... ##
#.##... #. ...... #.
#.#.. .# #. ##.#.# #..#
#>##..#.########..... #
#.............J...... #
#..#.##....?.@#
####.............g......
..###.#.................
....#.####.......##.....
..#.#............# #.#..
...†÷.####......... .# .
.##.#.# ###...####. .
.##.#.# #...# . ....#.#


You could see an endoplasm and a goblin.

Vanquished Creatures
  3 jackals (D:1)
  2 ball pythons (D:1)
  A bat (D:1)
6 creatures vanquished.

Notes
Turn   | Place    | Note
-------+----------+-------------------------------------------
     0 | D:1      | Hugehornet the Octopode Transmuter began the quest for the
                  | Orb.
     0 | D:1      | Reached XP level 1. HP: 13/13 MP: 3/3
   134 | D:1      | Reached XP level 2. HP: 5/18 MP: 1/5
   358 | D:1      | Slain by an endoplasm

Illustrated notes

Levels and vault maps discovered:
D:1:      onia_arrival_pyramid, layout_loops_cross,
          hellmonk_ecumenical_altar_slurped_away

Action                   || total
-------------------------++-------
Melee: Unarmed           ||    15
       Constrict         ||     4
       Kick              ||     3
       Tentacles         ||     1
 Cast: Beastly Appendage ||     6
 Stab: Sleeping          ||     1
Dodge: Dodged            ||    11
